| TOP OF THE 1ST |
|
Oklahoma City Dodgers batting - Pitching for Colorado Springs Sky Sox : RHP Trey Price
|
|
Pitching: RHP Trey Price
|
|
|
Batting: LHB Frank Mullen
|
0-0: Called Strike 0-1: Called Strike 0-2: Reached via error on a dropped throw from 1B, E1 (Groundball, 13, EV 85.6 MPH)
|
|
Batting: RHB Jonathan Rangel
|
0-0: Ball 1-0: Called Strike 1-1: Swinging Strike 1-2: Ball 2-2: SINGLE (Line Drive, 9S, EV 105.0 MPH) Frank Mullen to second
|
|
Batting: LHB Yasahiko Teshima
|
0-0: Ball 1-0: Foul Ball, location: 2F 1-1: Foul Ball, location: 2F 1-2: Foul Ball, location: 2F 1-2: Foul Ball, location: 2F 1-2: Ball 2-2: Ball 3-2: SINGLE (Line Drive, 7S, EV 98.1 MPH) Frank Mullen to third Jonathan Rangel to second Runner from 3rd tries for Home, SAFE, throw by LF to home
|
|
Batting: RHB Martin Chavez
|
0-0: Ball 1-0: Ball 2-0: Called Strike 2-1: Swinging Strike 2-2: Strikes out swinging
|
|
Batting: SHB Ken Welch
|
0-0: Ball Jonathan Rangel steals 3rd base Yasahiko Teshima to second 1-0: Swinging Strike 1-1: Ball 2-1: Foul Ball, location: 2F 2-2: SINGLE (Groundball, 4D, EV 100.6 MPH) Jonathan Rangel scores Yasahiko Teshima to third Runner from 3rd tries for Home, SAFE, throw by RF to home Ken Welch to second
|
|
Batting: RHB Jorge Benites
|
0-0: Ball 1-0: Ground out 6-3 (Groundball, 6S, EV 63.8 MPH) Ken Welch to third
|
|
Batting: RHB Jeremy Giesler
|
0-0: Ball 1-0: Fly out, F7 (Flyball, 7S, EV 76.2 MPH)
|
| Top of the 1st over - 3 runs, 3 hits, 1 error, 1 left on base; Oklahoma City 3 - Colorado Springs 0 |
| BOTTOM OF THE 1ST |
|
Colorado Springs Sky Sox batting - Pitching for Oklahoma City Dodgers : LHP J.P. Blair
|
|
Pitching: LHP J.P. Blair
|
|
|
Batting: RHB Orlando Fernandez
|
0-0: Foul Ball, location: 2F 0-1: Ball 1-1: Ball 2-1: Foul Ball, location: 2F 2-2: Ball 3-2: Foul Ball, location: 2F 3-2: Ground out 6-3 (Groundball, 6MD, EV 105.0 MPH)
|
|
Batting: LHB Tony Ponce
|
0-0: Foul Ball, location: 2F 0-1: Called Strike 0-2: Ball 1-2: Strikes out swinging
|
|
Batting: RHB Devine Adams
|
0-0: Ball 1-0: Fly out, F7 (Flyball, 78M, EV 83.1 MPH)
|
| Bottom of the 1st over - 0 runs, 0 hits, 0 errors, 0 left on base; Oklahoma City 3 - Colorado Springs 0 |
| TOP OF THE 2ND |
|
Oklahoma City Dodgers batting - Pitching for Colorado Springs Sky Sox : RHP Trey Price
|
|
Batting: RHB Jose Valtierra
|
0-0: Ball 1-0: Ball 2-0: Ball 3-0: Base on Balls
|
|
Batting: RHB Mike Dodson
|
0-0: Called Strike 0-1: Called Strike 0-2: 2-RUN HOME RUN (Flyball, 9LD, EV 101.2 MPH), Distance : 374 ft
|
|
Batting: LHB Frank Mullen
|
0-0: Ground out 5-3 (Groundball, 15, EV 76.2 MPH)
|
|
Batting: RHB Jonathan Rangel
|
0-0: Called Strike 0-1: Ball 1-1: Ball 2-1: SINGLE (Groundball, 5S, EV 70.6 MPH) (infield hit)
|
|
Batting: LHB Yasahiko Teshima
|
0-0: Called Strike 0-1: Called Strike Jonathan Rangel steals 2nd base (no throw) 0-2: Ball 1-2: Foul Ball, location: 2F 1-2: Foul Ball, location: 2F 1-2: Ball 2-2: Foul Ball, location: 2F 2-2: Strikes out looking
|
|
Batting: RHB Martin Chavez
|
0-0: Ground out 6-3 (Groundball, 6, EV 83.1 MPH)
|
| Top of the 2nd over - 2 runs, 2 hits, 0 errors, 1 left on base; Oklahoma City 5 - Colorado Springs 0 |
| BOTTOM OF THE 2ND |
|
Colorado Springs Sky Sox batting - Pitching for Oklahoma City Dodgers : LHP J.P. Blair
|
|
Batting: RHB Bodil Hardenberg
|
0-0: Ball 1-0: Ground out 4-3 (Groundball, 4, EV 80.6 MPH)
|
|
Batting: RHB Craig Gomez
|
0-0: Ball 1-0: Called Strike 1-1: Ground out 5-3 (Groundball, 5L, EV 81.2 MPH)
|
|
Batting: RHB Dwane Reed
|
0-0: Called Strike 0-1: Ground out 6-3 (Groundball, 6, EV 85.6 MPH)
|
| Bottom of the 2nd over - 0 runs, 0 hits, 0 errors, 0 left on base; Oklahoma City 5 - Colorado Springs 0 |
| TOP OF THE 3RD |
|
Oklahoma City Dodgers batting - Pitching for Colorado Springs Sky Sox : RHP Trey Price
|
|
Batting: SHB Ken Welch
|
0-0: Foul Ball, location: 2F 0-1: Ground out U3 (Groundball, 3, EV 105.6 MPH)
|
|
Batting: RHB Jorge Benites
|
0-0: Called Strike 0-1: Called Strike 0-2: SOLO HOME RUN (Flyball, 78XD, EV 105.6 MPH), Distance : 418 ft
|
|
Batting: RHB Jeremy Giesler
|
0-0: Ball 1-0: Called Strike 1-1: Foul Ball, location: 2F 1-2: Fly out, F8 (Flyball, 8RM, EV 88.1 MPH)
|
|
Batting: RHB Jose Valtierra
|
0-0: Ground out 5-3 (Groundball, 5, EV 80.0 MPH)
|
| Top of the 3rd over - 1 run, 1 hit, 0 errors, 0 left on base; Oklahoma City 6 - Colorado Springs 0 |
| BOTTOM OF THE 3RD |
|
Colorado Springs Sky Sox batting - Pitching for Oklahoma City Dodgers : LHP J.P. Blair
|
|
Batting: RHB Ethan McCullough
|
0-0: Called Strike 0-1: Foul Ball, location: 2F 0-2: Ball 1-2: Strikes out swinging
|
|
Batting: LHB Matt Steinke
|
0-0: Ball 1-0: Ball 2-0: Ground out 6-3 (Groundball, 6, EV 108.1 MPH)
|
|
Batting: LHB Elijah Black
|
0-0: Foul Ball, location: 2F 0-1: Ball 1-1: Ground out 4-3 (Groundball, 4, EV 84.4 MPH)
|
| Bottom of the 3rd over - 0 runs, 0 hits, 0 errors, 0 left on base; Oklahoma City 6 - Colorado Springs 0 |
| TOP OF THE 4TH |
|
Oklahoma City Dodgers batting - Pitching for Colorado Springs Sky Sox : RHP Trey Price
|
|
Batting: RHB Mike Dodson
|
0-0: Fly out, F7 (Flyball, 7LS, EV 83.8 MPH)
|
|
Batting: LHB Frank Mullen
|
0-0: Foul Ball, location: 2F 0-1: Ball 1-1: Ball 2-1: Ball 3-1: Ground out U3 (Groundball, 3L, EV 78.1 MPH)
|
|
Batting: RHB Jonathan Rangel
|
0-0: Foul Ball, location: 2F 0-1: Foul Ball, location: 2F 0-2: Ball 1-2: DOUBLE (Line Drive, 9LS, EV 93.8 MPH)
|
|
Batting: LHB Yasahiko Teshima
|
0-0: Ball 1-0: Ball 2-0: Ground out U3 (Groundball, 3, EV 81.2 MPH)
|
| Top of the 4th over - 0 runs, 1 hit, 0 errors, 1 left on base; Oklahoma City 6 - Colorado Springs 0 |
| BOTTOM OF THE 4TH |
|
Colorado Springs Sky Sox batting - Pitching for Oklahoma City Dodgers : LHP J.P. Blair
|
|
Batting: RHB Orlando Fernandez
|
0-0: Called Strike 0-1: Swinging Strike 0-2: Strikes out swinging
|
|
Batting: LHB Tony Ponce
|
0-0: DOUBLE (Line Drive, 89D, EV 105.6 MPH)
|
|
Batting: RHB Devine Adams
|
0-0: Ball 1-0: Foul Ball, location: 2F 1-1: Ball 2-1: Fly out, F9 (Flyball, 89S, EV 95.0 MPH)
|
|
Batting: RHB Bodil Hardenberg
|
0-0: Called Strike 0-1: DOUBLE (Line Drive, 3D, EV 96.9 MPH) Tony Ponce scores
|
|
Batting: RHB Craig Gomez
|
0-0: Called Strike 0-1: Ball 1-1: Called Strike 1-2: Ball 2-2: Strikes out swinging
|
| Bottom of the 4th over - 1 run, 2 hits, 0 errors, 1 left on base; Oklahoma City 6 - Colorado Springs 1 |
| TOP OF THE 5TH |
|
Oklahoma City Dodgers batting - Pitching for Colorado Springs Sky Sox : RHP Trey Price
|
|
Batting: RHB Martin Chavez
|
0-0: Ball 1-0: SOLO HOME RUN (Flyball, 9D, EV 96.2 MPH), Distance : 376 ft
|
|
Pitching: RHP Mike Wilkins
|
|
|
Batting: SHB Ken Welch
|
0-0: SOLO HOME RUN (Flyball, 9D, EV 98.1 MPH), Distance : 385 ft
|
|
Batting: RHB Jorge Benites
|
0-0: Ball 1-0: Ball 2-0: Ball 3-0: Called Strike 3-1: Called Strike 3-2: Fly out, F4 (Popup, 4D, EV 56.2 MPH)
|
|
Batting: RHB Jeremy Giesler
|
0-0: Ball 1-0: Ball 2-0: Called Strike 2-1: Ball 3-1: Base on Balls
|
|
Batting: RHB Jose Valtierra
|
0-0: Called Strike 0-1: Foul Ball, location: 2F 0-2: Foul Ball, location: 2F 0-2: Fielders Choice at 2nd, 4-6 (Groundball, 4, EV 87.5 MPH)
|
|
Batting: RHB Mike Dodson
|
0-0: Ball 1-0: Called Strike 1-1: SINGLE (Line Drive, 7S, EV 93.8 MPH) Jose Valtierra to second
|
|
Batting: LHB Frank Mullen
|
0-0: Ball 1-0: Ball 2-0: Ball 3-0: Base on Balls Jose Valtierra to third Mike Dodson to second
|
|
Batting: RHB Jonathan Rangel
|
0-0: DOUBLE (Line Drive, 3D, EV 96.9 MPH) Jose Valtierra scores Mike Dodson scores Frank Mullen to third Runner from 3rd tries for Home, SAFE, throw by RF to home
|
|
Pitching: RHP Rusty Pinard
|
|
|
Batting: LHB Yasahiko Teshima
|
0-0: Ground out 4-3 (Groundball, 4, EV 110.0 MPH)
|
| Top of the 5th over - 5 runs, 4 hits, 0 errors, 1 left on base; Oklahoma City 11 - Colorado Springs 1 |
| BOTTOM OF THE 5TH |
|
Colorado Springs Sky Sox batting - Pitching for Oklahoma City Dodgers : LHP J.P. Blair
|
|
Batting: RHB Dwane Reed
|
0-0: Called Strike 0-1: Ball 1-1: Foul Ball, location: 2F 1-2: Foul Ball, location: 2F 1-2: Ball 2-2: Foul Ball, location: 2F 2-2: Fly out, F8 (Line Drive, 8RM, EV 88.8 MPH)
|
|
Batting: RHB Ethan McCullough
|
0-0: Foul Ball, location: 2F 0-1: Called Strike 0-2: Ball 1-2: Foul Ball, location: 2F 1-2: Foul Ball, location: 2F 1-2: Strikes out looking
|
|
Batting: LHB Matt Steinke
|
0-0: Ball 1-0: Called Strike 1-1: Swinging Strike 1-2: Ball 2-2: Foul Ball, location: 2F 2-2: Foul Ball, location: 2F 2-2: Strikes out swinging
|
| Bottom of the 5th over - 0 runs, 0 hits, 0 errors, 0 left on base; Oklahoma City 11 - Colorado Springs 1 |
| TOP OF THE 6TH |
|
Oklahoma City Dodgers batting - Pitching for Colorado Springs Sky Sox : RHP Rusty Pinard
|
|
Batting: RHB Martin Chavez
|
0-0: Ball 1-0: Ball 2-0: Fly out, F6 (Line Drive, 6, EV 70.6 MPH)
|
|
Batting: SHB Ken Welch
|
0-0: Ball 1-0: Ball 2-0: Called Strike 2-1: Foul Ball, location: 2F 2-2: Ground out U3 (Groundball, 34S, EV 84.4 MPH)
|
|
Batting: RHB Jorge Benites
|
0-0: Ball 1-0: SINGLE (Line Drive, 6D, EV 95.6 MPH)
|
|
Batting: RHB Jeremy Giesler
|
0-0: Called Strike 0-1: Ball 1-1: Ball 2-1: Ball 3-1: SINGLE (Groundball, 25, EV 68.1 MPH) (infield hit) Jorge Benites to second
|
|
Batting: RHB Jose Valtierra
|
0-0: Ground out 5-3 (Groundball, 25, EV 91.2 MPH)
|
| Top of the 6th over - 0 runs, 2 hits, 0 errors, 2 left on base; Oklahoma City 11 - Colorado Springs 1 |
| BOTTOM OF THE 6TH |
|
Colorado Springs Sky Sox batting - Pitching for Oklahoma City Dodgers : LHP J.P. Blair
|
|
Batting: LHB Elijah Black
|
0-0: Foul Ball, location: 2F 0-1: Ball 1-1: Ground out U3 (Groundball, 13, EV 88.1 MPH)
|
|
Batting: RHB Orlando Fernandez
|
0-0: Ball 1-0: Ball 2-0: Foul Ball, location: 2F 2-1: Fly out, F7 (Line Drive, 78M, EV 85.6 MPH)
|
|
Batting: LHB Tony Ponce
|
0-0: Ball 1-0: Called Strike 1-1: Ball 2-1: Ball 3-1: Foul Ball, location: 2F 3-2: Foul Ball, location: 2F 3-2: Strikes out looking
|
| Bottom of the 6th over - 0 runs, 0 hits, 0 errors, 0 left on base; Oklahoma City 11 - Colorado Springs 1 |
| TOP OF THE 7TH |
|
Oklahoma City Dodgers batting - Pitching for Colorado Springs Sky Sox : RHP Rusty Pinard
|
|
Batting: RHB Mike Dodson
|
0-0: Called Strike 0-1: Foul Ball, location: 2F 0-2: Ground out 6-3 (Groundball, 56, EV 86.9 MPH)
|
|
Batting: LHB Frank Mullen
|
0-0: Called Strike 0-1: Ball 1-1: Foul Ball, location: 2F 1-2: Ball 2-2: DOUBLE (Line Drive, 89XD, EV 101.9 MPH)
|
|
Batting: RHB Jonathan Rangel
|
0-0: Ball 1-0: Ball 2-0: Ball 3-0: Base on Balls
|
|
Batting: LHB Yasahiko Teshima
|
0-0: Ball 1-0: SINGLE (Groundball, 34D, EV 107.5 MPH) Frank Mullen to third Jonathan Rangel to second Runner from 3rd tries for Home, SAFE, throw by RF to home
|
|
Pitching: LHP Tristan Morrow
|
|
|
Batting: RHB Martin Chavez
|
0-0: Ball 1-0: Fly out, F7 (Flyball, 7, EV 83.1 MPH)
|
|
Batting: SHB Ken Welch
|
0-0: Fly out, F7 (Flyball, 78S, EV 78.8 MPH)
|
| Top of the 7th over - 1 run, 2 hits, 0 errors, 2 left on base; Oklahoma City 12 - Colorado Springs 1 |
| BOTTOM OF THE 7TH |
|
Colorado Springs Sky Sox batting - Pitching for Oklahoma City Dodgers : LHP J.P. Blair
|
|
Batting: RHB Devine Adams
|
0-0: TRIPLE (Line Drive, 89XD, EV 109.4 MPH)
|
|
Batting: RHB Bodil Hardenberg
|
0-0: Foul Ball, location: 2F 0-1: Fly out, F9 (Flyball, 89M, EV 90.0 MPH) Runner from 3rd tags up, OUT at HOME! 9-2
|
|
Batting: RHB Craig Gomez
|
0-0: Ball 1-0: Called Strike 1-1: Reached on error, E5 (Groundball, 5S, EV 87.5 MPH)
|
|
Batting: RHB Dwane Reed
|
0-0: Ball 1-0: Called Strike 1-1: Foul Ball, location: 2F 1-2: Ball 2-2: Ball 3-2: Base on Balls
|
|
Batting: RHB Ethan McCullough
|
0-0: SINGLE (Groundball, 4MD, EV 101.9 MPH) Craig Gomez to third Dwane Reed to second Runner from 3rd tries for Home, throw by CF and OUT! 8-2
|
| Bottom of the 7th over - 0 runs, 2 hits, 1 error, 2 left on base; Oklahoma City 12 - Colorado Springs 1 |
| TOP OF THE 8TH |
|
Oklahoma City Dodgers batting - Pitching for Colorado Springs Sky Sox : LHP Tristan Morrow
|
|
Batting: RHB Jorge Benites
|
0-0: Swinging Strike 0-1: Swinging Strike 0-2: Strikes out swinging
|
|
Batting: RHB Jeremy Giesler
|
0-0: Ball 1-0: Ball 2-0: SINGLE (Line Drive, 3D, EV 94.4 MPH)
|
|
Batting: RHB Jose Valtierra
|
0-0: Ball 1-0: Called Strike 1-1: Foul Ball, location: 2F 1-2: Ball 2-2: Strikes out looking
|
|
Batting: RHB Mike Dodson
|
0-0: Ball 1-0: Called Strike 1-1: Foul Ball, location: 2F 1-2: Strikes out swinging
|
| Top of the 8th over - 0 runs, 1 hit, 0 errors, 1 left on base; Oklahoma City 12 - Colorado Springs 1 |
| BOTTOM OF THE 8TH |
|
Colorado Springs Sky Sox batting - Pitching for Oklahoma City Dodgers : LHP J.P. Blair
|
|
Batting: LHB Matt Steinke
|
0-0: Fly out, F5 (Line Drive, 56, EV 68.8 MPH)
|
|
Batting: LHB Elijah Black
|
0-0: Ball 1-0: Foul Ball, location: 2F 1-1: SINGLE (Groundball, 6MD, EV 101.2 MPH)
|
|
Batting: RHB Orlando Fernandez
|
0-0: Foul Ball, location: 2F 0-1: Foul Ball, location: 2F 0-2: Strikes out looking
|
|
Batting: LHB Tony Ponce
|
0-0: Ball 1-0: Swinging Strike 1-1: SINGLE (Groundball, 34D, EV 84.4 MPH) (infield hit) Elijah Black to second
|
|
Pitching: LHP Nate Tate
|
|
|
Batting: RHB Devine Adams
|
0-0: Ball 1-0: Fielders Choice at 2nd, 6-4 (Groundball, 6, EV 80.6 MPH)
|
| Bottom of the 8th over - 0 runs, 2 hits, 0 errors, 2 left on base; Oklahoma City 12 - Colorado Springs 1 |
| TOP OF THE 9TH |
|
Oklahoma City Dodgers batting - Pitching for Colorado Springs Sky Sox : LHP Tristan Morrow
|
|
Pinch Hitting: RHB Trevor Mock
|
0-0: Called Strike 0-1: Swinging Strike 0-2: Ball 1-2: Strikes out looking
|
|
Batting: RHB Jonathan Rangel
|
0-0: Foul Ball, location: 2F 0-1: Ball 1-1: Foul Ball, location: 2F 1-2: Ball 2-2: Foul Ball, location: 2F 2-2: Ball 3-2: Base on Balls
|
|
Batting: LHB Yasahiko Teshima
|
0-0: Fly out, F8 (Flyball, 78D, EV 90.6 MPH)
|
|
Batting: RHB Martin Chavez
|
0-0: Ball 1-0: Ball 2-0: Ball 3-0: Swinging Strike 3-1: Called Strike 3-2: Strikes out swinging
|
| Top of the 9th over - 0 runs, 0 hits, 0 errors, 1 left on base; Oklahoma City 12 - Colorado Springs 1 |
| BOTTOM OF THE 9TH |
|
Colorado Springs Sky Sox batting - Pitching for Oklahoma City Dodgers : LHP Nate Tate
|
|
Now at 2B: Vinny Vasquez
|
|
|
Batting: RHB Bodil Hardenberg
|
0-0: Ball 1-0: Ball 2-0: Ball 3-0: Foul Ball, location: 2F 3-1: Base on Balls
|
|
Batting: RHB Craig Gomez
|
0-0: Ball 1-0: Foul Ball, location: 2F 1-1: Foul Ball, location: 2F 1-2: Strikes out looking
|
|
Batting: RHB Dwane Reed
|
0-0: Called Strike 0-1: Reached on error, E5 (Groundball, 56, EV 99.4 MPH) Bodil Hardenberg to second
|
|
Batting: RHB Ethan McCullough
|
0-0: Swinging Strike 0-1: Called Strike 0-2: Strikes out swinging
|
|
Batting: RHB George Lundy
|
0-0: Ball 1-0: Called Strike 1-1: Ground out 5-3 (Groundball, 5S, EV 84.4 MPH)
|
| Bottom of the 9th over - 0 runs, 0 hits, 1 error, 2 left on base; Oklahoma City 12 - Colorado Springs 1 |
|